 Dungeon Crawl Stone Soup version 0.30-a0-135-g630cfc4551 (webtiles) character file.

Game seed: 7544176922138772301

12 Flugkiller the Shooter (level 2, 0/24 HPs)
             Began as a Formicid Hunter on Sept 20, 2022.
             Slain by a ball python (2 damage)
             ... on level 1 of the Dungeon.
             The game lasted 00:00:16 (110 turns).

Flugkiller the Shooter (Formicid Hunter)             Turns: 110, Time: 00:00:16

Health: 0/24       AC:  3    Str: 15    XL:     2   Next: 45%
Magic:  2/2        EV:  9    Int:  8    God:
Gold:   9          SH:  0    Dex: 17    Spells: 1/1 levels left

rFire   . . .      SeeInvis +    a - +0 shortbow
rCold   . . .      Faith    .    (no shield)
rNeg    . . .      Spirit   .    c - +0 leather armour
rPois   .          Reflect  .    (helmet unavailable)
rElec   .          Harm     .    (no cloak)
rCorr   .          Rampage  .    (no gloves)
Will    .....                    (no boots)
Stlth   ++........               (no amulet)
HPRegen 0.08/turn                (no ring)
MPRegen 0.08/turn                (no ring)

@: constricted
A: permanent stasis, dig shafts and tunnels, antennae 3, four strong arms
a: Dig, Shaft Self


You were on level 1 of the Dungeon.
You visited 1 branch of the dungeon, and saw 1 of its levels.

You collected 9 gold pieces.

Inventory:

Hand Weapons
 a - a +0 shortbow (weapon)
Missiles
 d - 6 curare-tipped darts
Armour
 c - a +0 leather armour (worn)
Scrolls
 b - a scroll of immolation
 f - a scroll of teleportation {unknown}
Potions
 e - a potion of attraction {unknown}


   Skills:
 + Level 3.2 Fighting
 - Level 4.0 Ranged Weapons
 - Level 1.7 Dodging
 - Level 1.2 Stealth


You had one spell level left.
You didn't know any spells.
Your spell library was empty.

Dungeon Overview and Level Annotations

Branches:
Dungeon (1/15) Zot: 5878

Altars:


Innate Abilities, Weirdness & Mutations

You cannot be hasted, slowed, berserked, paralysed or teleported.
You can dig through walls and to a lower floor.
You have a pair of large antennae on your head. (SInv)
Your four strong arms can wield two-handed weapons with a shield.


Message History

You shoot an arrow. The arrow barely misses the goblin.
A quokka comes into view.
You shoot an arrow. The arrow hits the goblin.
You kill the goblin!
You shoot an arrow. The arrow hits the quokka.
The quokka is heavily wounded.
You shoot an arrow. The arrow hits the quokka.
You kill the quokka!
No target in view!
No target in view!
There is a stone staircase leading down here.
You see here a +0 dagger.
A quokka and a frilled lizard come into view.
The frilled lizard hisses angrily.
You hear a shout!
The frilled lizard moves out of view.
A quokka is nearby!
You shoot an arrow. The arrow barely misses the quokka.
You hear an angry hiss.
A ball python comes into view.
A goblin comes into view. It is wielding a +0 club.
You shoot an arrow. The arrow barely misses the quokka.
You shoot an arrow.
The arrow closely misses the ball python.
You shoot an arrow. The arrow hits the quokka.
You kill the quokka!
The ball python misses you. x2
You shoot an arrow.
The arrow barely misses the ball python.
The ball python barely misses you. The ball python closely misses you.
The frilled lizard misses you. The ball python bites you.
The ball python barely misses you.
You shoot an arrow.
The arrow closely misses the ball python.
The frilled lizard bites you. The ball python closely misses you.
The ball python barely misses you. The frilled lizard barely misses you.
You shoot an arrow.
The arrow hits the ball python but does no damage.
The ball python closely misses you. The ball python misses you.
The goblin closely misses you.
The frilled lizard bites you but does no damage.
The ball python barely misses you. x2
You shoot an arrow.
The arrow barely misses the ball python.
The ball python closely misses you. The ball python barely misses you.
The goblin hits you with a +0 club. The frilled lizard closely misses you.
The ball python bites you. The ball python misses you.
There are monsters nearby!
You are too injured to fight recklessly!
You are too injured to fight recklessly!
You are too injured to fight recklessly!
The goblin attacks as you move away! The goblin hits you with a +0 club.
The ball python misses you. The ball python barely misses you.
The ball python attacks as you move away!
The ball python misses you. The ball python closely misses you.
The goblin attacks as you move away! The goblin barely misses you.
The goblin attacks as you move away! The goblin hits you with a +0 club.
Non-targeted abil: Dig
Press: ? - help, Q - select action, (/) - cycle Dir - look around, f - activate You extend your mandibles.
Non-targeted abil: Dig
Press: ? - help, Q - select action, (/) - cycle Dir - look around, f - activate You retract your mandibles.
Unknown command.
You are too injured to fight recklessly!
You are too injured to fight recklessly!
You are too injured to fight recklessly!
You are too injured to fight recklessly!
You are too injured to fight recklessly!
You are too injured to fight recklessly!
Fire: a) +0 shortbow
Press: ? - help, Q - select action, (/) - cycle Shift-Dir - straight line, f - goblin
Aim: a goblin, wielding a +0 club (56% to hit)
You shoot an arrow. The arrow closely misses the goblin.
The arrow barely misses the frilled lizard.
The arrow hits the ball python.
The ball python is severely wounded.
The goblin barely misses you. The goblin hits you with a +0 club.
* * * LOW HITPOINT WARNING * * *
Fire: a) +0 shortbow
Press: ? - help, Q - select action, (/) - cycle Shift-Dir - straight line, f/p - goblin
Aim: a goblin, wielding a +0 club (56% to hit)
You shoot an arrow. The arrow hits the goblin.
The goblin is severely wounded.
The goblin hits you with a +0 club.
* * * LOW HITPOINT WARNING * * *
Fire: a) +0 shortbow
Press: ? - help, Q - select action, (/) - cycle Shift-Dir - straight line, f/p - goblin
Aim: a goblin, wielding a +0 club (severely wounded, 56% to hit)
You shoot an arrow. The arrow hits the goblin.
You kill the goblin!
The ball python barely misses you. The ball python grabs you.
The ball python constricts you.
Fire: a) +0 shortbow
Press: ? - help, Q - select action, (/) - cycle Shift-Dir - straight line, f - ball python
Aim: a ball python (severely wounded, constricting you, 60% to hit)
You shoot an arrow.
The arrow barely misses the ball python.
The arrow misses the frilled lizard.
The ball python bites you.
You die...

#.......#
#.###...# ##.#
##..### ### #..#
##...# ..# #.##
##..## #.#
##.#######.... #.#
#..##.†.†.....
#.###>##..#####.#.
#@#...# .# #.#. .
#S#.##..# #.#.
....###l.....##
#...
.............#
######
....##†...##.....
..^.## .. ...#.##
##### #...
...#.#.. ###.
...###.###. ## ..
.. #.


You could see a ball python and a frilled lizard.

Vanquished Creatures
  A dart slug (D:1)
  2 goblins (D:1)
  A hobgoblin (D:1)
  2 quokkas (D:1)
  A ball python (D:1)
  2 frilled lizards (D:1)
  2 rats (D:1)
11 creatures vanquished.

Notes
Turn   | Place    | Note
-------+----------+-------------------------------------------
     0 | D:1      | Flugkiller the Formicid Hunter began the quest for the Orb.
     0 | D:1      | Reached XP level 1. HP: 16/16 MP: 1/1
    57 | D:1      | Reached XP level 2. HP: 23/23 MP: 2/2
   110 | D:1      | Slain by a ball python

Illustrated notes

Levels and vault maps discovered:
D:1:      dpeg_arrival_rooms_with_view, layout_rooms

Skill      XL: |  1  2 |
---------------+-------+-----
Fighting       | 3 |  3.2
Ranged Weapons | |  4.0
Dodging        | |  1.7
Stealth        | |  1.2

Action                   || total
-------------------------++-------
 Fire: Shortbow          ||    31
 Abil: Dig               ||     2
Armor: Leather armour    ||     1
Dodge: Dodged            ||    25

Table legend: (Time is in decaauts)
 A = Elapsed time spent in this place.
 B = Non-inter-level travel time spent in this place.
 C = Inter-level travel time spent in this place.
 D = Time resting spent in this place.
 E = Time spent auto-exploring this place.
 F = Levels seen in this place.
 G = Mean time per level.
                   A        B        C        D        E       F      G
               +--------+--------+--------+--------+--------+-----+--------+
         Total |    119 |    119 |      0 |      0 |     63 |   1 |  119.0 |
       Dungeon |    119 |    119 |      0 |      0 |     63 |   1 |  119.0 |
               +--------+--------+--------+--------+--------+-----+--------+

Top non-repeatable levels by time:
     D:1: 119 daAuts
